 Dungeon Crawl Stone Soup version 0.17-a0-1882-g750edc8 (webtiles) character file.

34 orochimarko the Conjurer (level 3, -11/26 HPs)
             Began as a Draconian Conjurer on Sept 22, 2015.
             Mangled by Crazy Yiuf
             ... wielding a +4 quarterstaff of chaos
              (12 damage)
             ... on level 2 of the Dungeon.
             The game lasted 00:17:45 (1348 turns).

orochimarko the Conjurer (Draconian Conjurer)       Turns: 1348, Time: 00:17:52

Health: -11/26     AC:  5    Str: 10    XL:     3   Next: 14%
Magic:  0/6        EV: 12    Int: 18    God:
Gold:   102        SH:  0    Dex: 11    Spells: 2 memorised, 3 levels left

rFire  . . .     SeeInvis .     f - +0 dagger
rCold  . . .     Clarity  .     (armour unavailable)
rNeg   . . .     SustAt   .     (no shield)
rPois  .         Gourm    .     (helmet restricted)
rElec  .         Spirit   .     (no cloak)
rCorr  .         Warding  .     (no gloves)
rMut   .         Stasis   .     (no boots)
MR     .....                    (no amulet)
Stlth  ++........               (no ring)
                                (no ring)

@: lethally poisoned (-11 -> -14), not resistant to hostile enchantments,
unstealthy
A: unfitting armour, blink, clever 1, deterioration 1, wild magic 1,
cold-blooded, AC +5
a: Blink


You were on level 2 of the Dungeon.
You were not hungry.

You visited 1 branch of the dungeon, and saw 2 of its levels.

You collected 102 gold pieces.

Inventory:

Hand weapons
 f - a +0 dagger (weapon)
Scrolls
 c - a scroll of recharging
 e - a scroll of teleportation
 g - a scroll of amnesia {unknown}
 i - a scroll of enchant weapon {unknown}
 l - a scroll of identify
 p - a scroll of remove curse {unknown}
Potions
 n - a potion of heal wounds {unknown}
 o - a potion of flight
Books
 a - a book of Conjurations

   Spells                             Type                      Level
   a - Magic Dart                     Conjuration                  1
   b - Searing Ray                    Conjuration                  2
   c - Dazzling Spray                 Conjuration/Hexes            3
   d - Fulminant Prism                Conjuration/Hexes            4
   e - Iskenderun's Mystic Blast      Conjuration                  4
   f - Iskenderun's Battlesphere      Conjuration/Charms           5
Comestibles
 b - a bread ration
 d - 2 chunks of flesh
 k - a meat ration
 m - a slice of pizza


   Skills:
 + Level 2.0 Dodging
 + Level 2.1 Stealth
 + Level 2.0 Spellcasting
 + Level 4.7 Conjurations


You had 3 spell levels left.
You knew the following spells:

 Your Spells              Type           Power        Failure   Level  Hunger
a - Magic Dart            Conj           ####         7%          1    #......
b - Searing Ray           Conj           ####..       11%         2    ###....


Dungeon Overview and Level Annotations

Branches:
Dungeon (2/15)

Altars:

Annotations:
D:2 Crazy Yiuf


Innate Abilities, Weirdness & Mutations

Your plain brown scales are hard (AC +5).
Your body does not fit into most forms of armour.
You are cold-blooded and may be slowed by cold attacks.
You can translocate small distances at will.
Your mind is acute. (Int +2)
Your body sometimes deteriorates upon taking damage.
Your spells are a little harder to cast, but a little more powerful.


Message History

It was a potion of mutation.
You feel extremely strange.
You feel yourself wasting away.
You feel clever.
You feel less in control of your magic.
Crazy Yiuf drinks a potion.
Crazy Yiuf is healed!
Quiver which item? (- for none, * to show all) (? for menu, Esc to quit)
You don't have any such object.
Quiver which item? (- for none, * to show all) (? for menu, Esc to quit)
You don't have any such object.
Quiver which item? (- for none, * to show all) (? for menu, Esc to quit)
Okay, then.
Quiver which item? (- for none, * to show all) (? for menu, Esc to quit)
Okay, then.
Drink which item? (? for menu, Esc to quit)
It was a potion of beneficial mutation.
You feel jittery.
You feel fantastic!
* * * LOW HITPOINT WARNING * * *
You feel sick.
Crazy Yiuf hits you with a quarterstaff of chaos!
You die...

...########
...##.....#
...##.##### #####
...##.# #)..# ...##.#
#...# ...##.# ...
...##.##### #.#
..........# ♣g♣♣
....#.....# ♣♣@♣
+##.#.....# ♣.♣♣
.##.#.....# ♣♣.♣
.##.#.....# ♣♣.♣♣
.##.#.....# ♣♣...♣
.##'#.....# ♣....♣
........### #....#
........# ##..#####
........######.....#.#


You could see Crazy Yiuf.

Vanquished Creatures
  2 giant geckos (D:1)
  5 goblins
  3 hobgoblins (D:1)
  4 bats
  A giant cockroach (D:1)
  3 giant newts
  6 kobolds
  11 rats
35 creatures vanquished.

Notes
Turn   | Place    | Note
--------------------------------------------------------------
     0 | D:1      | orochimarko the Draconian Conjurer began the quest for the Orb.
     0 | D:1      | Reached XP level 1. HP: 14/14 MP: 3/3
   258 | D:1      | Reached XP level 2. HP: 18/20 MP: 0/5
   267 | D:1      | Learned a level 2 spell: Searing Ray
  1094 | D:2      | Reached XP level 3. HP: 26/26 MP: 3/6
  1337 | D:2      | Noticed Crazy Yiuf
  1347 | D:2      | Gained mutation: Your body sometimes deteriorates upon taking damage. [potion of mutation]
  1347 | D:2      | Gained mutation: Your mind is acute. (Int +2) [potion of mutation]
  1347 | D:2      | Gained mutation: Your spells are a little harder to cast, but a little more powerful. [potion of mutation]
  1348 | D:2      | Gained mutation: You can translocate small distances at will. [potion of beneficial mutation]
  1348 | D:2      | HP: 1/26 [poisoned by Crazy Yiuf]
  1348 | D:2      | Mangled by Crazy Yiuf

Vault maps used:
D:1:      evilmike_arrival_crescent, hangedman_decor_riveting,
          serial_bayou_pond_e, minmay_rat_gold_closets
D:2:      first_bread, uniq_crazy_yiuf_cottage

Action                   || total
-------------------------++-------
Melee: Unarmed           ||     9
       Dagger            ||    17
 Cast: Magic Dart        ||    52
  Use: Scroll            ||     2
       Potion            ||     3
 Stab: Sleeping          ||     8
  Eat: Chunk             ||     2
